 Dungeon Crawl Stone Soup version 0.29-a0-416-g83a48905f1 (webtiles) character file.

Game seed: 15889448077934180894

208 xian the Covert (level 5, 0/46 HPs)
             Began as a Naga Brigand on May 16, 2022.
             Was a Believer of Jiyva.
             Slain by Duvessa
             ... wielding a +0 short sword
              (6 damage)
             ... on level 4 of the Dungeon.
             The game lasted 00:17:18 (2419 turns).

xian the Covert (Naga Brigand)                      Turns: 2419, Time: 00:17:19

Health: 0/46       AC:  3    Str: 13    XL:     5   Next: 86%
Magic:  5/5        EV:  9    Int: 13    God:    Jiyva [**....]
Gold:   108        SH:  0    Dex: 13    Spells: 2/4 levels left

rFire   + . .      SeeInvis +   a - +2 dagger
rCold   + . .      Faith    .   k - orb {guile}
rNeg    . . .      Spirit   .   b - +0 robe
rPois   +          Reflect  .   (no helmet)
rElec   +          Harm     .   c - +0 cloak
rCorr   +          Rampage  .   (no gloves)
Will    .....                   (no barding)
Stlth   ++++......              (no amulet)
HPRegen 1.11/turn               i - ring of wizardry
MPRegen 0.39/turn               l - ring of flight

@: short of breath, resistant, wereblooded, flying, very slow
A: AC +1, large, see invisible, deformed body, poison resistance, slowness 2,
spit poison 1, naga tail 1
a: Spit Poison, Renounce Religion


You were on level 4 of the Dungeon.
You worshipped Jiyva.
Jiyva was pleased with you.
You visited 1 branch of the dungeon, and saw 4 of its levels.

You collected 108 gold pieces.

Inventory:

Hand Weapons
 a - a +2 dagger (weapon)
Missiles
 d - 9 poisoned darts (quivered)
 e - 3 curare-tipped darts
Armour
 b - a +0 robe (worn)
 c - a +0 cloak (worn)
 k - an orb of guile (worn)
Jewellery
 i - a ring of wizardry (left hand)
 l - a ring of flight (right hand)
Scrolls
 j - 4 scrolls of identify {unknown}
Potions
 f - a potion of curing
 h - a potion of mutation {unknown}
 m - a potion of invisibility {unknown}


   Skills:
 + Level 2.6 Fighting
 + Level 2.9 Short Blades
 + Level 3.1 Throwing
 + Level 1.2 Dodging
 + Level 8.0 Stealth


You had 2 spell levels left.
You knew the following spells:

 Your Spells              Type           Power      Damage    Failure   Level
a - Wereblood             Tmut           0%         N/A       19%         2

Your spell library contained the following spells:

 Spells                   Type           Power      Damage    Failure   Level
 Beastly Appendage        Tmut           0%         N/A       12%         1
 Spider Form              Tmut/Pois      0%         N/A       34%         3


Dungeon Overview and Level Annotations

Branches:
Dungeon (4/15)
 Temple: D:4-7

Altars:
Jiyva

Annotations:
D:4 Duvessa


Innate Abilities, Weirdness & Mutations

Your serpentine skin is tough. (AC +1)
You have supernaturally acute eyesight. (SInv)
Armour fits poorly on your strangely shaped body.
Your system is resistant to poisons. (rPois)
You cover ground very slowly.
You can spit poison.
You have a snake-like lower body.


Message History

The splash of poison hits Duvessa.
Duvessa is poisoned.
Duvessa is lightly wounded.
Dowan looks more healthy.
Duvessa says, "Practise, practise, practise!
One day you'll be as good as me."
Okay, then.
Unknown command.
You are too injured to fight recklessly!
Throw: 10 darts (poison)
Press: ? - help, Q - select action, (/) - cycle Shift-Dir - straight line, f/p - Dowan
Aim: Dowan, wielding a +0 dagger and wearing a +0 leather armour (almost dead, 48% to hit)
You throw a poisoned dart. The poisoned dart hits Duvessa!
Duvessa is lightly wounded.
Casting: Wereblood (safe; 19% risk of failure)
Confirm with . or Enter, or press ? or * to list all spells.
You don't know that spell.
Casting: Wereblood (safe; 19% risk of failure)
Confirm with . or Enter, or press ? or * to list all spells.
Your blood is infused with primal strength.
You hit Dowan.
You feel a bit better.
You kill Dowan!
Duvessa screams in rage.
Duvessa goes berserk!
Duvessa hits you with a +0 short sword.
You hit Duvessa.
Duvessa is lightly wounded.
You have got your breath back.
Duvessa hits you with a +0 short sword.
Aiming: Spit Poison (1% risk of failure)
Press: ? - help, Shift-Dir - straight line, f - Duvessa
Aim: Duvessa, wielding a +0 short sword and wearing the +1 robe of Tenacity {rPois rCorr} (lightly wounded, berserk, poisoned, 65% to hit)
The splash of poison hits Duvessa.
Duvessa looks even sicker.
Duvessa is lightly wounded.
Duvessa hits you with a +0 short sword. x2
* * * LOW HITPOINT WARNING * * *
It was a potion of curing.
You feel better.
Duvessa hits you with a +0 short sword!!
* * * LOW HITPOINT WARNING * * *
It was a potion of resistance.
You feel protected.
You are no longer glowing.
Duvessa hits you with a +0 short sword.
You die...

#....#.###### #.
#....#.# #. ....#.#
..######...#.#
.#........#.# ...
.....#.# # #.#
#...#.#
###.#.##.#####.##.#
#..(...@)(........#
#.....[e.#####.####
#....##### #.# #...
... #.. ..... #.
....... # ....h...#
##########


You could see Duvessa (berserk, very poisoned).

Vanquished Creatures
  A kobold brigand (D:3)
  Dowan (D:4)
  Jessica (D:3)
  3 gnolls (D:4)
  An adder (D:3)
  2 worms
  A dart slug (D:2)
  3 orcs (D:3)
  An endoplasm (D:1)
  3 goblins
  4 hobgoblins
  3 jackals (D:1)
  3 kobolds (D:1)
  2 quokkas
  3 ball pythons
  4 bats
  2 frilled lizards (D:1)
  2 rats (D:1)
40 creatures vanquished.

Vanquished Creatures (others)
  A jelly (D:4)
  3 orcs (D:3)
  3 bats
  An endoplasm (D:4)
  2 goblins
  2 hobgoblins
  A kobold (D:2)
  A quokka (D:1)
14 creatures vanquished.

Grand Total: 54 creatures vanquished

Notes
Turn   | Place    | Note
-------+----------+-------------------------------------------
     0 | D:1      | xian the Naga Brigand began the quest for the Orb.
     0 | D:1      | Reached XP level 1. HP: 19/19 MP: 1/1
   159 | D:1      | Reached skill level 6 in Stealth
   159 | D:1      | Reached XP level 2. HP: 26/26 MP: 2/2
   364 | D:1      | Found a faded altar of an unknown god.
   372 | D:1      | Prayed at the altar of an unknown god.
   372 | D:1      | Became a worshipper of Jiyva Juef the Shapeless
   372 | D:1      | Reached * piety under Jiyva
  1236 | D:2      | Reached XP level 3. HP: 32/32 MP: 3/3
  1360 | D:2      | Reached ** piety under Jiyva
  1382 | D:2      | Reached skill level 7 in Stealth
  1643 | D:3      | Noticed Jessica
  1653 | D:3      | Killed Jessica
  1654 | D:3      | Reached skill level 1 in Dodging
  1654 | D:3      | Reached XP level 4. HP: 16/40 MP: 4/4
  2114 | D:3      | Noticed a kobold brigand
  2124 | D:3      | Killed a kobold brigand
  2125 | D:3      | Reached XP level 5. HP: 33/46 MP: 5/5
  2139 | D:3      | Reached skill level 8 in Stealth
  2201 | D:3      | Learned a level 2 spell: Wereblood
  2383 | D:4      | Noticed Dowan
  2406 | D:4      | Identified the +1 robe of Tenacity {rPois rCorr}
  2406 | D:4      | Noticed Duvessa
  2415 | D:4      | Killed Dowan
  2419 | D:4      | Slain by Duvessa

Illustrated notes

Levels and vault maps discovered:
D:1:      evilmike_arrival_rings, layout_loops_ring,
          dreamdust_ecumenical_altar_hidden_monk_grotto
D:2:      layout_basic, minmay_crystal_water
D:3:      layout_basic, uniq_jessica
D:4:      layout_basic, bloody_trog, uniq_duvessa

Skill      XL: |  1  2  3  4  5 |
---------------+----------------+-----
Stealth        | 6 7 8 |  8.0
Throwing       | 2 3 |  3.1
Dodging        | 1 |  1.2
Fighting       | |  2.6
Short Blades   | |  2.9

Action                   |  1- 3 |  4- 6 || total
-------------------------+-------+-------++-------
Melee: Dagger            |    24 |    57 ||    81
Throw: Dart              |    20 |    15 ||    35
 Cast: Wereblood         |       |     3 ||     3
 Abil: Spit Poison       |    23 |    14 ||    37
  Use: Potion            |       |     2 ||     2
Armor: Robe              |    12 |    12 ||    24
Dodge: Dodged            |    11 |    28 ||    39

Table legend: (Time is in decaauts)
 A = Elapsed time spent in this place.
 B = Non-inter-level travel time spent in this place.
 C = Inter-level travel time spent in this place.
 D = Time resting spent in this place.
 E = Time spent auto-exploring this place.
 F = Levels seen in this place.
 G = Mean time per level.
                   A        B        C        D        E       F      G
               +--------+--------+--------+--------+--------+-----+--------+
         Total |   3246 |   3113 |    133 |      3 |   2558 |   4 |  811.5 |
       Dungeon |   3246 |   3113 |    133 |      3 |   2558 |   4 |  811.5 |
               +--------+--------+--------+--------+--------+-----+--------+

Top non-repeatable levels by time:
     D:1: 1229 daAuts
     D:2: 885 daAuts
     D:3: 856 daAuts
     D:4: 275 daAuts
